 Dungeon Crawl Stone Soup version 0.28.0-43-g3370ac3207 (webtiles) character file.

Game seed: 9733443158687329097

220571 MacCMillion the Spry (level 19, -6/153 HPs)
             Began as a Gnoll Venom Mage on Feb 27, 2022.
             Was a High Priest of Vehumet.
             Killed from afar by Frances (29 damage)
             ... with an iron shot
             ... on level 2 of the Swamp on Feb 28, 2022.
             The game lasted 05:18:08 (69554 turns).

MacCMillion the Spry (Gnoll Venom Mage)            Turns: 69554, Time: 05:18:08

Health: -6/153     AC: 27    Str: 12    XL:     19   Next: 18%
Magic:  26/36      EV: 16    Int: 18    God:    Vehumet [*****.]
Gold:   565        SH: 13    Dex: 15    Spells: 5/45 levels left

rFire   . . .      SeeInvis .   x - +9 demon blade (vamp)
rCold   . . .      Faith    .   a - +0 kite shield {reflect}
rNeg    . . .      Spirit   .   g - quicksilver dragon scales of the Tick {rElec Will+ Str-3 Dex+2}
rPois   +          Reflect  +   w - +0 helmet
rElec   +          Harm     .   t - +2 cloak {rPois}
rCorr   .          Rampage  .   W - +1 pair of gloves {Str+3}
Will    ++...                   b - +0 pair of boots
Stlth   +++++.....              (no amulet)
HPRegen 0.35/turn               j - ring of poison resistance
MPRegen 0.25/turn               T - +4 ring of protection

@: studying 2 skills
A: fangs 1, strong nose, distributed training
}: 1/15 runes: serpentine
a: Renounce Religion


You were on level 2 of the Swamp.
You worshipped Vehumet.
Vehumet was extremely pleased with you.
You visited 6 branches of the dungeon, and saw 30 of its levels.

You collected 3820 gold pieces.
You spent 3255 gold pieces at shops.

Inventory:

Hand Weapons
 f - a +5 dire flail of holy wrath
 k - the +2 rapier of Ummaan {venom, rF+ Str+2}
   (You found it on level 2 of the Dungeon)

   It poisons the flesh of those it strikes.
   Str:       It affects your strength (+2).
   rF:        It protects you from fire.
 x - a +9 vampiric demon blade (weapon)
Missiles
 c - 13 boomerangs
 s - 2 throwing nets
 u - 15 curare-tipped darts
 F - 6 javelins
Armour
 a - a +0 kite shield of reflection (worn)
 b - a +0 pair of boots (worn)
 g - the quicksilver dragon scales of the Tick (worn) {rElec Will+ Str-3 Dex+2}
   (You bought it in a shop on level 3 of the Dungeon)

   Str:       It affects your strength (-3).
   Dex:       It affects your dexterity (+2).
   rElec:     It insulates you from electricity.
   Will:      It increases your willpower.
 t - a +2 cloak of poison resistance (worn)
 w - a +0 helmet (worn)
 W - a +1 pair of gloves of strength (worn)
Jewellery
 j - a ring of poison resistance (left hand)
 A - a ring of see invisible
 G - an amulet of guardian spirit
 M - a ring of willpower
 S - the amulet "Ijiul" {Acrobat *Slow rPois Str+8 Dex-4}
   (You found it on level 1 of the Swamp)

   [amulet of the acrobat]

   It increases your evasion while moving and waiting.
   Str:       It affects your strength (+8).
   Dex:       It affects your dexterity (-4).
   rPois:     It protects you from poison.
   *Slow:     It may slow you when you take damage.
 T - a +4 ring of protection (right hand)
 X - a ring of resist corrosion
Wands
 m - a wand of flame (25)
 C - a wand of digging (8)
 L - a wand of mindburst (9)
 N - a wand of paralysis (9)
 U - a wand of iceblast (18)
Scrolls
 d - 4 scrolls of vulnerability
 l - 2 scrolls of fog
 n - a scroll of amnesia
 o - 3 scrolls of silence
 p - 4 scrolls of torment
 q - 5 scrolls of immolation
 v - a scroll of brand weapon
 y - 5 scrolls of magic mapping
 z - 5 scrolls of enchant armour
 B - a scroll of enchant weapon
 D - a scroll of teleportation
 K - a scroll of blinking
 O - a scroll of holy word
 P - 3 scrolls of fear
 R - 4 scrolls of identify
Potions
 e - 2 potions of brilliance
 h - 5 potions of curing
 i - 3 potions of haste
 r - a potion of resistance
 E - 3 potions of ambrosia
 H - 3 potions of lignification
 I - 8 potions of mutation
 J - a potion of flight
 Q - a potion of berserk rage
 V - 2 potions of magic
 Y - 3 potions of attraction


   Skills:
 + Level 14.5 Fighting
 + Level 12.9 Short Blades
 + Level 12.9 Long Blades
 + Level 12.9 Axes
 + Level 12.9 Maces & Flails
 + Level 12.9 Polearms
 + Level 12.9 Staves
 + Level 12.9 Slings
 + Level 12.9 Bows
 + Level 12.9 Crossbows
 + Level 12.9 Throwing
 + Level 12.9 Armour
 + Level 15.2 Dodging
 + Level 13.5 Stealth
 + Level 12.9 Shields
 + Level 12.9 Unarmed Combat
 + Level 13.8 Spellcasting
 + Level 10.9 Conjurations
 + Level 10.9 Hexes
 + Level 10.9 Summonings
 + Level 10.9 Necromancy
 + Level 10.9 Translocations
 + Level 11.1 Transmutations
 + Level 10.9 Fire Magic
 + Level 10.9 Ice Magic
 + Level 10.9 Air Magic
 + Level 10.9 Earth Magic
 + Level 12.2 Poison Magic
 + Level 14.0 Invocations
 + Level 12.9 Evocations


You had 5 spell levels left.
You knew the following spells:

 Your Spells              Type           Power      Damage    Failure   Level
a - Sting                 Tmut/Pois      100%       1d8       1%          1
b - Poisonous Vapours     Pois/Air       100%       N/A       1%          2
c - Mephitic Cloud        Conj/Pois/Air  52%        N/A       1%          3
d - Wereblood             Tmut           51%        N/A       1%          2
e - Olgreb's Toxic Radia  Pois           54%        N/A       1%          4
f - Slow                  Hex            100%       N/A       1%          1
g - Ozocubu's Refrigerat  Ice            25%        4d10      41%         7
h - Freezing Cloud        Conj/Ice/Air   25%        6-21      1%          5
i - Orb of Destruction    Conj           25%        9d9       41%         7
j - Passage of Golubria   Tloc           51%        N/A       1%          4
k - Flame Wave            Conj/Fire      51%        2d10      1%          4

Your spell library contained the following spells:

 Spells                   Type           Power      Damage    Failure   Level
 Maxwell's Capacitive Co  Air            25%        ∞         96%         8
 Beastly Appendage        Tmut           100%       N/A       1%          1
 Summon Small Mammal      Summ           100%       N/A       1%          1
 Blink                    Tloc           100%       N/A       1%          2
 Ensorcelled Hibernation  Hex/Ice        100%       N/A       1%          2
 Scorch                   Fire           100%       2d10      1%          2
 Sublimation of Blood     Necr           51%        N/A       1%          2
 Call Canine Familiar     Summ           51%        N/A       1%          3
 Confusing Touch          Hex            51%        N/A       1%          3
 Gell's Gravitas          Tloc           51%        N/A       1%          3
 Spider Form              Tmut/Pois      53%        N/A       1%          3
 Summon Guardian Golem    Hex/Summ       51%        N/A       1%          3
 Teleport Other           Tloc           51%        N/A       1%          3
 Vampiric Draining        Necr           51%        2d9       1%          3
 Manifold Assault         Tloc           51%        N/A       6%          5
 Silence                  Hex/Air        25%        N/A       6%          5
 Summon Forest            Summ/Tloc      25%        N/A       6%          5
 Dispersal                Tloc           25%        N/A       32%         6
 Simulacrum               Ice/Necr       25%        N/A       32%         6
 Summon Cactus Giant      Summ           25%        N/A       32%         6
 Storm Form               Tmut/Air       25%        N/A       86%         7
 Summon Hydra             Summ           25%        N/A       87%         7
 Lehudib's Crystal Spear  Conj/Erth      25%        10d7      96%         8
 Disjunction              Tloc           25%        N/A       100%        8
 Polar Vortex             Ice            25%        N/A       100%        9


Dungeon Overview and Level Annotations

Branches:
Dungeon (15/15)            Temple (1/1) D:4            Lair (6/6) D:8
  Swamp (2/4) Lair:2        Snake (4/4) Lair:2        Slime (0/5) Lair:6
    Orc (2/2) D:11            Elf (0/3) Orc:2        Vaults (0/5) D:13
 Depths (0/4) D:15

Altars:
Ashenzari
Cheibriados
Dithmenos
Elyvilon
Fedhas
Gozag
Hepliaklqana
Kikubaaqudgha
Makhleb
Nemelex Xobeh
Okawaru
Qazlal
Ru
Sif Muna
Trog
Uskayaw
Vehumet
Wu Jian
Xom
Yredelemnul
Zin
The Shining One
Beogh

Shops:
D:2 =   D:3 *   D:7 *   D:15 :   Orc:2 [!=:   Snake:2 !   Snake:4 (

Portals:
Abyss: D:3

Annotations:
Lair:6 Nessos
Swamp:2 Frances


Innate Abilities, Weirdness & Mutations

You have very sharp teeth.
Your uncanny sense of smell can sniff out nearby items.
Your experience applies equally to all skills.


Message History

Casting: Freezing Cloud (mildly dangerous; 1% risk of failure)
Confirm with . or Enter, or press ? or * to list all spells.
Aiming: Mephitic Cloud (safe; 1% risk of failure)
Press: ? - help, Shift-Dir - straight line, p - Frances The ball explodes into a vile cloud!
The stinking cloud engulfs Frances but does no damage.
Frances is heavily wounded.
Frances is engulfed in noxious fumes.
Casting: Mephitic Cloud (safe; 1% risk of failure)
Confirm with . or Enter, or press ? or * to list all spells.
Aiming: Mephitic Cloud (safe; 1% risk of failure)
Press: ? - help, Shift-Dir - straight line The ball explodes into a vile cloud!
The stinking cloud engulfs Frances but does no damage.
Frances is heavily wounded.
Frances is engulfed in noxious fumes.
Casting: Mephitic Cloud (safe; 1% risk of failure)
Confirm with . or Enter, or press ? or * to list all spells.
Aiming: Mephitic Cloud (safe; 1% risk of failure)
Press: ? - help, Shift-Dir - straight line, f - Frances
Aim: Frances, wielding a +1 vorpal glaive and wearing a +0 leather armour (heavily wounded, fast, chance to affect: 34%)
The ball explodes into a vile cloud!
The stinking cloud engulfs Frances but does no damage.
Frances is heavily wounded.
Frances is engulfed in noxious fumes.
Frances howls an indescribable curse.
Frances hits you from afar with a +1 vorpal glaive!
* * * LOW HITPOINT WARNING * * *
x2
Okay, then.
Frances is engulfed in noxious fumes.
Frances appears confused.
Frances is engulfed in noxious fumes.
Frances appears confused.
You enter the shallow water.
Moving in this stuff is going to be slow.
Frances looks very confused.
The chaos spawn is engulfed in noxious fumes.
The chaos spawn is engulfed in noxious fumes.
The chaos spawn appears confused.
Frances mutters in a terrible tongue.
The iron shot hits you!!
You die...

≈≈.^≈@....♣...♣§♣.≈§§≈≈§≈≈≈≈≈..♣
≈.....§.§.♣♣♣♣♣♣♣.4≈≈≈≈≈≈≈≈≈≈..♣
≈≈.≈†4....♣ ♣.≈≈≈≈≈...§§≈.≈♣
≈≈≈≈≈≈§§§≈♣ ♣♣ ♣.≈≈≈≈.♣♣♣.≈≈..♣
≈≈≈≈≈§♣♣≈§♣ ♣..♣♣♣≈≈≈..♣♣♣♣....♣
≈≈≈..♣♣♣♣♣♣ ♣....♣♣......≈♣♣♣♣♣♣
≈≈≈...♣≈.≈≈. ♣≈..♣@≈≈≈≈≈.♣♣
≈≈≈.≈♣ ≈.≈≈≈§≈♣♣♣♣≈.≈≈≈≈≈≈.♣♣
...♣♣♣ ♣≈≈≈≈....@...≈≈≈≈≈≈§.♣
..♣ ♣♣♣≈.≈♣♣♣♣.≈≈..§≈≈≈≈≈..♣♣
♣♣..≈.♣♣♣≈..≈≈≈.≈≈...≈≈..♣
♣..≈≈≈.♣♣♣.≈§≈≈≈≈§....≈♣♣♣
♣.≈≈≈<≈♣♣♣.§≈≈≈≈§.§≈.≈♣
♣♣..≈≈.♣♣♣♣≈^≈≈....≈≈♣♣
♣♣♣≈≈..♣..♣..≈≈..≈..♣
♣...≈♣.....≈≈.≈≈≈♣♣
♣..♣......>....≈≈♣


You could see Frances (fast).

Vanquished Creatures
  Vashnia (Snake:4)
  Rupert (Lair:6)
  Asterion (Snake:4)
  Agnes (D:14)
  16 nagarajas (Snake:4)
  Aizul (Snake:4)
  Louise (D:15)
  The ghost of CrazyMind the Severer, a journeyman DDFi of Makhleb (Orc:1)
  An ironbound preserver (D:12)
  Azrael (D:12)
  A dire elephant (D:15)
  2 eleionomae (Swamp:1)
  2 bunyips (Swamp:1)
  A merfolk javelineer (Orc:1)
  A merfolk impaler (Orc:1)
  Josephine (D:12)
  2 boulder beetles
  22 naga warriors
  A rakshasa (D:15)
  10 hydras
  3 salamander tyrants
  2 ogre magi
  A catoblepas (Lair:5)
  12 anacondas
  5 centaur warriors
  3 alligators
  6 tengu warriors
  12 death yaks
  12 two-headed ogres
  20 naga sharpshooters
  4 shock serpents (Snake:4)
  Sonja (Lair:4)
  3 orc high priests (Orc:2)
  The ghost of vilexy the Thaumaturge, a novice HuCj of Gozag (D:7)
  9 salamander mystics
  4 skeletal warriors
  A spriggan druid (Swamp:1)
  11 naga ritualists
  Pikel (D:8)
  9 orc knights
  A swamp dragon (Swamp:1)
  7 mana vipers
  A will-o-the-wisp (Swamp:1)
  36 salamanders
  6 ugly things (D:15)
  7 orc sorcerers
  5 cyclopes
  8 manticores
  8 guardian serpents
  56 black mambas
  9 elephants
  A molten gargoyle (D:14)
  13 naga magi
  9 cane toads
  3 gargoyles
  2 torpor snails
  Maggie (D:8)
  2 efreet
  Psyche (D:8)
  A freezing wraith (D:13)
  A kobold demonologist (D:13)
  9 komodo dragons
  5 rime drakes
  2 tengu conjurers
  2 bloated husks (Swamp:1)
  Grinder (D:3)
  6 trolls
  A tyrant leech (Swamp:2)
  7 polar bears
  Prince Ribbit (D:8)
  The ghost of crompyre the Carver, an amateur BaBe of Trog (D:3)
  10 hornets
  24 blink frogs
  A meliai zombie (D:10)
  21 slime creatures
  2 shadows
  14 spriggans
  3 vampires
  4 hogs (Snake:2)
  13 wyverns
  5 wraiths (D:12)
  2 fire elementals (D:12)
  7 basilisks
  14 vampire mosquitoes
  Grum (D:8)
  30 yaks
  3 wargs
  A steam dragon (D:9)
  3 swamp worms
  A small abomination (D:3)
  40 nagas
  11 water moccasins
  2 acid dragons
  3 hell hounds (D:12)
  17 orc warriors
  A floating eye (D:12)
  A sky beast (D:7)
  An ice beast (D:8)
  3 black bears (Lair:6)
  A necrophage (D:4)
  7 ogres
  16 wolves
  9 boggarts
  9 centaurs
  2 phantoms
  A lemure (D:8)
  A kobold brigand (D:8)
  3 scorpions
  22 bullfrogs
  3 gnoll sergeants
  A bullfrog (shapeshifter) (D:15)
  A water moccasin skeleton (D:6)
  A wyvern skeleton (D:6)
  20 wights
  2 vampire bats (D:5)
  5 electric eels
  5 howler monkeys
  7 lava snakes
  6 hounds
  A quasit (D:3)
  7 centaur zombies
  13 jellies
  A gnoll shaman (D:7)
  25 orc priests
  An iron imp (D:3)
  2 centaur skeletons
  17 orc wizards
  3 iguanas
  7 hell rats
  A hound skeleton (D:5)
  2 howler monkey zombies (D:9)
  8 adders
  16 gnolls
  A shadow imp (D:6)
  A white imp (D:7)
  2 ufetubi
  An adder skeleton (D:4)
  A dart slug (D:4)
  59 orcs
  2 ball pythons
  13 bats
  12 endoplasms
  A giant cockroach (D:2)
  4 hobgoblins
  A jackal (D:3)
  A quokka (D:5)
  4 frilled lizards (D:1)
  9 goblins
  12 kobolds
  3 rats
  A butterfly (Lair:4)
  2 fire vortices (D:14)
995 creatures vanquished.

Vanquished Creatures (collateral kills)
  3 two-headed ogres (D:14)
3 creatures vanquished.

Vanquished Creatures (others)
  Kirke (Snake:2)
  A naga warrior (Snake:2)
  A bloated husk (Swamp:2)
  A human (Snake:2)
  An orc wizard (Orc:2)
  2 foxfires (Swamp:1)
  37 fungi
  114 plants
158 creatures vanquished.

Grand Total: 1156 creatures vanquished

Notes
Turn   | Place    | Note
-------+----------+-------------------------------------------
     0 | D:1      | MacCMillion the Gnoll Venom Mage began the quest for the
                  | Orb.
     0 | D:1      | Reached XP level 1. HP: 13/13 MP: 6/6
   172 | D:1      | Found a faded altar of an unknown god.
   432 | D:1      | Reached XP level 2. HP: 19/19 MP: 5/7
   456 | D:1      | Learned a level 2 spell: Poisonous Vapours
  1113 | D:2      | Reached skill level 5 in Spellcasting
  1113 | D:2      | Reached XP level 3. HP: 15/25 MP: 5/9
  1337 | D:2      | Reached skill level 1 in Invocations
  1701 | D:2      | Reached skill level 1 in Fighting
  1701 | D:2      | Reached skill level 1 in Short Blades
  1701 | D:2      | Reached skill level 1 in Long Blades
  1701 | D:2      | Reached skill level 1 in Axes
  1701 | D:2      | Reached skill level 1 in Maces & Flails
  1701 | D:2      | Reached skill level 1 in Polearms
  1701 | D:2      | Reached skill level 1 in Staves
  1701 | D:2      | Reached skill level 1 in Slings
  1701 | D:2      | Reached skill level 1 in Bows
  1701 | D:2      | Reached skill level 1 in Crossbows
  1701 | D:2      | Reached skill level 1 in Throwing
  1701 | D:2      | Reached skill level 1 in Armour
  1701 | D:2      | Reached skill level 1 in Shields
  1701 | D:2      | Reached skill level 1 in Unarmed Combat
  1701 | D:2      | Reached skill level 1 in Evocations
  1802 | D:2      | Reached XP level 4. HP: 32/32 MP: 7/11
  1859 | D:2      | Identified the +2 rapier of Ummaan {venom, rF+ Str+2}
  2106 | D:2      | Found Pethrae's Jewellery Emporium.
  2449 | D:3      | Noticed Grinder
  2532 | D:3      | Found Jac Wouw's General Store.
  2659 | D:3      | Bought a potion of curing for 30 gold pieces
  2663 | D:3      | Found a transporter.
  2883 | D:3      | Reached skill level 1 in Conjurations
  2883 | D:3      | Reached skill level 1 in Hexes
  2883 | D:3      | Reached skill level 1 in Summonings
  2883 | D:3      | Reached skill level 1 in Necromancy
  2883 | D:3      | Reached skill level 1 in Translocations
  2883 | D:3      | Reached skill level 1 in Fire Magic
  2883 | D:3      | Reached skill level 1 in Ice Magic
  2883 | D:3      | Reached skill level 1 in Air Magic
  2883 | D:3      | Reached skill level 1 in Earth Magic
  3110 | D:3      | Found a transporter.
  3115 | D:3      | Noticed a small abomination
  3133 | D:3      | Reached XP level 5. HP: 22/37 MP: 9/12
  3399 | D:3      | Found a one-way gate to the infinite horrors of the Abyss.
  3409 | D:3      | Identified the +1 robe of the Desert {rN+ Int+2}
  3506 | D:3      | Noticed crompyre's ghost (amateur BaBe)
  3781 | D:4      | Noticed a necrophage
  3975 | D:4      | Reached XP level 6. HP: 41/44 MP: 3/13
  4162 | D:4      | Reached skill level 5 in Dodging
  4313 | D:4      | Found a staircase to the Ecumenical Temple.
  4321 | Temple   | Entered the Ecumenical Temple
  4525 | Temple   | Became a worshipper of Vehumet
  4874 | D:4      | Reached XP level 7. HP: 50/50 MP: 15/15
  5554 | D:5      | Entered Level 5 of the Dungeon
  6004 | D:5      | Reached skill level 5 in Stealth
  6290 | D:5      | Reached * piety under Vehumet
  6290 | D:5      | Offered knowledge of Sandblast by Vehumet.
  6774 | D:5      | Reached XP level 8. HP: 57/57 MP: 9/16
  9163 | D:6      | Got the Reference Book on Glacial Translocation
  9183 | D:6      | Learned a level 3 spell: Mephitic Cloud
  9186 | D:6      | Learned a level 2 spell: Wereblood
  9191 | D:6      | Learned a level 4 spell: Olgreb's Toxic Radiance
  9439 | D:6      | Reached skill level 6 in Dodging
  9597 | D:6      | Reached XP level 9. HP: 65/65 MP: 1/18
 10427 | D:7      | Found Dataeguo's Fire Supplies.
 10648 | D:7      | Found a sacrificial altar of Ru.
 10729 | D:7      | Reached ** piety under Vehumet
 10818 | D:7      | Offered knowledge of Foxfire by Vehumet.
 10973 | D:8      | Noticed Prince Ribbit
 10973 | D:8      | Found a runed translucent gate.
 10973 | D:8      | Found a runed translucent gate.
 10973 | D:8      | Found an opulent altar of Gozag.
 10973 | D:8      | Found a runed translucent gate.
 10979 | D:8      | Noticed vilexy's ghost (novice HuCj)
 10979 | D:8      | Noticed a skeletal warrior
 10994 | D:8      | Killed Prince Ribbit
 11108 | D:8      | Noticed a gargoyle
 11285 | D:8      | Noticed Pikel
 11306 | D:8      | Killed Pikel
 11307 | D:8      | Reached skill level 5 in Invocations
 11855 | D:9      | Found a glowing golden altar of the Shining One.
 12279 | D:9      | Reached XP level 10. HP: 60/71 MP: 9/20
 13072 | D:8      | Noticed Maggie
 13495 | D:9      | Found a glowing golden altar of the Shining One.
 14183 | D:9      | Reached skill level 5 in Fighting
 14183 | D:9      | Reached skill level 5 in Short Blades
 14183 | D:9      | Reached skill level 5 in Long Blades
 14183 | D:9      | Reached skill level 5 in Axes
 14183 | D:9      | Reached skill level 5 in Maces & Flails
 14183 | D:9      | Reached skill level 5 in Polearms
 14183 | D:9      | Reached skill level 5 in Staves
 14183 | D:9      | Reached skill level 5 in Slings
 14183 | D:9      | Reached skill level 5 in Bows
 14183 | D:9      | Reached skill level 5 in Crossbows
 14183 | D:9      | Reached skill level 5 in Throwing
 14183 | D:9      | Reached skill level 5 in Armour
 14183 | D:9      | Reached skill level 5 in Shields
 14183 | D:9      | Reached skill level 5 in Unarmed Combat
 14183 | D:9      | Reached skill level 5 in Evocations
 14495 | D:10     | Entered Level 10 of the Dungeon
 14633 | D:9      | Learned a level 1 spell: Slow
 15061 | D:10     | Reached skill level 7 in Dodging
 15075 | D:10     | Noticed a two-headed ogre
 15384 | D:9      | Offered knowledge of Searing Ray by Vehumet.
 15541 | D:10     | Noticed a two-headed ogre
 15565 | D:10     | Killed a two-headed ogre
 15566 | D:10     | Reached skill level 5 in Transmutations
 16008 | D:10     | Found a stormy altar of Qazlal.
 16196 | D:10     | Killed a two-headed ogre
 16883 | D:11     | Noticed a boulder beetle
 16906 | D:11     | Killed a boulder beetle
 16907 | D:11     | Reached XP level 11. HP: 80/81 MP: 13/22
 17545 | D:8      | Reached skill level 5 in Conjurations
 17545 | D:8      | Reached skill level 5 in Hexes
 17545 | D:8      | Reached skill level 5 in Summonings
 17545 | D:8      | Reached skill level 5 in Necromancy
 17545 | D:8      | Reached skill level 5 in Translocations
 17545 | D:8      | Reached skill level 5 in Fire Magic
 17545 | D:8      | Reached skill level 5 in Ice Magic
 17545 | D:8      | Reached skill level 5 in Air Magic
 17545 | D:8      | Reached skill level 5 in Earth Magic
 18734 | D:3      | Paralysed by Grinder for 7 turns
 18746 | D:3      | Killed Grinder
 19216 | D:8      | Found a staircase to the Lair.
 19288 | D:8      | Found a white marble altar of Elyvilon.
 19294 | D:8      | Noticed Psyche
 19298 | D:8      | Killed Psyche
 19617 | D:8      | Noticed Grum
 20553 | Lair:1   | Entered Level 1 of the Lair of Beasts
 20754 | Lair:1   | Reached *** piety under Vehumet
 21151 | D:8      | Killed Grum
 21570 | D:8      | Killed Maggie
 21898 | D:8      | Reached skill level 8 in Dodging
 22572 | Lair:1   | Learned a level 5 spell: Freezing Cloud
 24048 | Lair:2   | Reached XP level 12. HP: 77/89 MP: 17/24
 24177 | Lair:2   | Found a staircase to the Snake Pit.
 24297 | Lair:2   | Offered knowledge of Stone Arrow by Vehumet.
 24741 | Lair:2   | Found a staircase to the Swamp.
 26880 | Lair:4   | Reached **** piety under Vehumet
 26881 | Lair:4   | Reached skill level 9 in Dodging
 27343 | Lair:4   | Noticed Sonja
 27358 | Lair:4   | Killed Sonja
 27527 | Lair:4   | Reached XP level 13. HP: 96/98 MP: 9/26
 27567 | Lair:3   | Offered knowledge of Conjure Flame by Vehumet.
 30380 | Lair:6   | Entered Level 6 of the Lair of Beasts
 30841 | Lair:6   | Reached skill level 10 in Spellcasting
 30979 | Lair:6   | Reached skill level 10 in Dodging
 30979 | Lair:6   | Reached XP level 14. HP: 79/106 MP: 17/28
 31171 | Lair:6   | Reached ***** piety under Vehumet
 31173 | Lair:6   | Offered knowledge of Fulminant Prism by Vehumet.
 31278 | Lair:6   | Found a staircase to the Slime Pits.
 31493 | Lair:6   | Reached skill level 10 in Stealth
 32397 | Lair:6   | Noticed Rupert
 32700 | Lair:6   | Paralysed by Rupert for 3 turns
 32728 | Lair:6   | Killed Rupert
 32860 | Lair:6   | Reached skill level 10 in Invocations
 34472 | Lair:6   | Noticed Nessos
 34907 | Lair:6   | Offered knowledge of Ozocubu's Refrigeration by Vehumet.
 35372 | D:11     | Found a staircase to the Orcish Mines.
 35377 | Orc:1    | Entered Level 1 of the Orcish Mines
 35859 | D:11     | Learned a level 7 spell: Ozocubu's Refrigeration
 36422 | Orc:1    | Found a runed translucent gate.
 36422 | Orc:1    | Found a runed translucent gate.
 36422 | Orc:1    | Found a runed translucent gate.
 36428 | Orc:1    | Noticed CrazyMind's ghost (journeyman DDFi)
 36505 | Orc:1    | Found an iron altar of Okawaru.
 36702 | Orc:2    | Entered Level 2 of the Orcish Mines
 36702 | Orc:2    | Found a staircase to the Elven Halls.
 37287 | Orc:2    | Offered knowledge of Orb of Destruction by Vehumet.
 37297 | Orc:2    | Learned a level 7 spell: Orb of Destruction
 37797 | Orc:2    | Reached XP level 15. HP: 115/115 MP: 21/29
 38280 | Orc:2    | Found Owuc's Book Emporium.
 38293 | Orc:2    | Found Jimmiv's Jewellery Shop.
 38383 | Orc:2    | Found Icsiklao's Distillery.
 38395 | Orc:2    | Found Sische's Armour Emporium.
 38887 | D:11     | Reached skill level 10 in Poison Magic
 40097 | D:12     | Reached skill level 10 in Fighting
 40097 | D:12     | Reached skill level 10 in Short Blades
 40097 | D:12     | Reached skill level 10 in Long Blades
 40097 | D:12     | Reached skill level 10 in Axes
 40097 | D:12     | Reached skill level 10 in Maces & Flails
 40097 | D:12     | Reached skill level 10 in Polearms
 40097 | D:12     | Reached skill level 10 in Staves
 40097 | D:12     | Reached skill level 10 in Slings
 40097 | D:12     | Reached skill level 10 in Bows
 40097 | D:12     | Reached skill level 10 in Crossbows
 40097 | D:12     | Reached skill level 10 in Throwing
 40097 | D:12     | Reached skill level 10 in Armour
 40097 | D:12     | Reached skill level 11 in Dodging
 40097 | D:12     | Reached skill level 10 in Shields
 40097 | D:12     | Reached skill level 10 in Unarmed Combat
 40097 | D:12     | Reached skill level 10 in Evocations
 40102 | D:12     | Noticed Josephine
 40115 | D:12     | Killed Josephine
 40537 | D:12     | Noticed Azrael
 40547 | D:12     | Killed Azrael
 42888 | D:3      | Bought the quicksilver dragon scales of the Tick {rElec
                  | Will+ Str-3 Dex+2} for 719 gold pieces
 43084 | D:13     | Offered knowledge of Iron Shot by Vehumet.
 44610 | D:13     | Found a gate to the Vaults.
 44770 | D:14     | Found an ornate altar of the Wu Jian Council.
 45058 | D:14     | Noticed Agnes
 45112 | D:14     | Reached XP level 16. HP: 28/123 MP: 5/31
 45456 | D:13     | Learned a level 4 spell: Passage of Golubria
 45456 | D:13     | Identified a scroll of acquirement
 45665 | D:14     | Killed Agnes
 47076 | D:15     | Entered Level 15 of the Dungeon
 47076 | D:15     | Noticed Louise
 47506 | D:15     | Offered knowledge of Fireball by Vehumet.
 47743 | D:15     | Found Etwiguwn's Self-Improvement Boutique.
 48789 | D:15     | Found a staircase to the Depths.
 49259 | Snake:1  | Entered Level 1 of the Snake Pit
 49849 | D:15     | Bought a manual of Fighting for 1120 gold pieces
 49849 | D:15     | Acquired 747 gold pieces
 49851 | D:15     | Bought a manual of Dodging for 1120 gold pieces
 49871 | D:15     | Killed Louise
 50510 | Snake:1  | Reached skill level 12 in Dodging
 53230 | Snake:2  | Reached XP level 17. HP: 133/133 MP: 18/33
 53564 | Snake:2  | Offered knowledge of Conjure Ball Lightning by Vehumet.
 53591 | Snake:2  | HP: 3/133 [cloud of freezing vapour (15)]
 53989 | Snake:2  | Noticed Kirke
 53996 | Snake:2  | Noticed a sphinx
 54032 | Snake:2  | Paralysed by a sphinx for 7 turns
 54054 | Snake:2  | Noticed a sphinx
 54057 | Snake:2  | Killed Kirke
 54331 | Snake:2  | Reached skill level 10 in Transmutations
 54459 | Snake:2  | You fall into a shaft and drop 1 floor!
 54672 | Snake:2  | Reached skill level 13 in Dodging
 56211 | Snake:2  | Found Qastaxegott's Distillery.
 56413 | Snake:2  | Upgraded the game from 0.28.0-1-gb440e238dd to
                  | 0.28.0-43-g3370ac3207
 56978 | Snake:3  | Reached skill level 10 in Conjurations
 56978 | Snake:3  | Reached skill level 10 in Hexes
 56978 | Snake:3  | Reached skill level 10 in Summonings
 56978 | Snake:3  | Reached skill level 10 in Necromancy
 56978 | Snake:3  | Reached skill level 10 in Translocations
 56978 | Snake:3  | Reached skill level 10 in Fire Magic
 56978 | Snake:3  | Reached skill level 10 in Ice Magic
 56978 | Snake:3  | Reached skill level 10 in Air Magic
 56978 | Snake:3  | Reached skill level 10 in Earth Magic
 57877 | Snake:4  | Entered Level 4 of the Snake Pit
 58185 | Snake:4  | Found Kioqigof's Weapon Shop.
 58211 | Snake:4  | Offered knowledge of Maxwell's Capacitive Coupling by
                  | Vehumet.
 58360 | Snake:4  | Reached XP level 18. HP: 137/143 MP: 8/35
 58608 | Snake:4  | Noticed Asterion
 59012 | Snake:4  | Noticed Vashnia
 59076 | Snake:4  | Reached skill level 14 in Dodging
 59580 | Snake:4  | Killed Vashnia
 61175 | Snake:4  | Noticed Aizul
 61673 | Snake:4  | Killed Aizul
 62459 | Orc:2    | Bought a potion of haste for 140 gold pieces
 62459 | Orc:2    | Bought a potion of curing for 42 gold pieces
 62459 | Orc:2    | Bought a potion of curing for 42 gold pieces
 62459 | Orc:2    | Bought a potion of curing for 42 gold pieces
 65418 | Snake:4  | Killed Asterion
 66584 | Snake:4  | Got a serpentine rune of Zot
 66794 | Swamp:1  | Entered Level 1 of the Swamp
 66982 | Orc:1    | Killed CrazyMind's ghost
 66999 | Orc:1    | Reached skill level 15 in Dodging
 67299 | D:7      | Killed vilexy's ghost
 67300 | D:7      | Reached XP level 19. HP: 109/153 MP: 20/36
 67619 | D:3      | Killed crompyre's ghost
 68003 | Snake:4  | Learned a level 4 spell: Flame Wave
 68457 | Swamp:1  | Identified the amulet "Ijiul" {Acrobat *Slow rPois Str+8
                  | Dex-4}
 69511 | Swamp:2  | Noticed Frances
 69554 | Swamp:2  | Killed from afar by Frances

Illustrated notes

Levels and vault maps discovered:
D:1:      dpeg_arrival_radiant, layout_loops_ring, basic_ecumenical_altar,
          minmay_misc_feat_diagonals
D:2:      layout_basic, serial_shops, nicolae_shop_waterfront
D:3:      layout_loops_ring, serial_shops, shop, gammafunk_ghost_abyssal_escape,
          minmay_vboxes, uniq_grinder
D:4:      layout_gridville, minmay_temple_entry_junction
D:5:      layout_basic, roderic_batcave
D:6:      layout_basic, serial_bayou, serial_bayou_lake_a, serial_bayou_pond_b,
          serial_bayou_shore_a, serial_bayou_ford_a, serial_bayou_pond_e,
          item_on_display_a
D:7:      layout_basic, nicolae_ru_awakened_eye, nicolae_shop_fire_sale
          [nicolae_sub_dead_trees]
D:8:      layout_loops_ring, elyvilon_altar_1, lair_entry_dummy,
          ebering_ghost_gozag, uniq_prince_ribbit1, uniq_psyche, uniq_grum,
          uniq_pikel, uniq_maggie
D:9:      layout_stronghold, nicolae_tso_carved_into_rock
D:10:     layout_loops_cross, mainiacjoe_overflow_cross_hatched
D:11:     layout_gridville, hiddenorc1_lemuel, hex_tiny, minmay_quadrilaterals
D:12:     hellmonk_paralyzer, layout_loops_cross, uniq_azrael, uniq_josephine
D:13:     layout_rooms, skrybe_vaults_entry_preservation, minmay_crystal_water,
          nrook_mini_backslash
D:14:     layout_basic, nicolae_wu_jian_wuxing_cycle, uniq_agnes
D:15:     hangedman_depths_entry_try_elsewhere_first, layout_loops_ring,
          minmay_stone_trees_small, amethyst_killhole, nicolae_shop_self_help,
          uniq_louise
Temple:   hc_temple_tempest_star
Lair:1:   layout_gridlike, grunt_megastairs_5, infiniplex_staircase_pool
Lair:2:   layout_cave_pods, minmay_swamp_entry_eels,
          minmay_snake_entry_six_corridors
Lair:3:   layout_gridlike, minivault_27, beast_lair_carwin_1
Lair:4:   layout_loops_ring, special_room [special_room_mythical_zoo],
          grunt_megastairs_4, serial_bayou_shore_b, lemuel_fruit_fields,
          lemuel_fruit_tree, uniq_sonja
Lair:5:   layout_cave_pods
Lair:6:   minmay_lair_end_enchanted_forest, layout_cave_pods,
          minmay_slime_entry_jelly_boxes, uniq_nessos, uniq_rupert
Swamp:1:  nicolae_swamp_ascending_descending_big, layout_falls_marsh,
          nicolae_swamp_ascending_descending
Swamp:2:  nicolae_swamp_flooded_prison, layout_basic_swamp,
          evilmike_swamp_ruin_rubble_2, uniq_frances
Snake:1:  layout_grid_maze, grunt_ministairs_9, nicolae_snake_guarding_the_ruins
Snake:2:  layout_layer_cave, serial_shops, nicolae_shop_waterfront,
          nicolae_snake_salamander_fort, grunt_megastairs_2, uniq_kirke
Snake:3:  layout_grid_shapes, grunt_ministairs_7
Snake:4:  grunt_snake_rune_spirals, layout_onion, serial_shops, shop,
          uniq_aizul, uniq_asterion, uniq_vashnia
Orc:1:    layout_caves, gammafunk_ghost_fury_of_okawaru,
          david_defended_altar_orc
Orc:2:    st_orc_elflike, layout_caves

Skill      XL: |  1  2  3  4  5  6  7  8  9 10 11 12 13 14 15 16 17 18 19 |
---------------+----------------------------------------------------------+-----
Transmutations | 2 3 4 5 6 7 8 9 10 11 | 11.1
Spellcasting   | 5 6 7 8 9 10 11 12 13 | 13.8
Invocations    | 1 2 3 4 5 6 7 8 9 10 11 12 13 14 | 14.0
Fighting       | 1 2 3 4 5 6 7 8 9 10 11 13 14 | 14.5
Short Blades   | 1 2 3 4 5 6 7 8 9 10 11 12 | 12.9
Long Blades    | 1 2 3 4 5 6 7 8 9 10 11 12 | 12.9
Axes           | 1 2 3 4 5 6 7 8 9 10 11 12 | 12.9
Maces & Flails | 1 2 3 4 5 6 7 8 9 10 11 12 | 12.9
Polearms       | 1 2 3 4 5 6 7 8 9 10 11 12 | 12.9
Staves         | 1 2 3 4 5 6 7 8 9 10 11 12 | 12.9
Slings         | 1 2 3 4 5 6 7 8 9 10 11 12 | 12.9
Bows           | 1 2 3 4 5 6 7 8 9 10 11 12 | 12.9
Crossbows      | 1 2 3 4 5 6 7 8 9 10 11 12 | 12.9
Throwing       | 1 2 3 4 5 6 7 8 9 10 11 12 | 12.9
Armour         | 1 2 3 4 5 6 7 8 9 10 11 12 | 12.9
Shields        | 1 2 3 4 5 6 7 8 9 10 11 12 | 12.9
Unarmed Combat | 1 2 3 4 5 6 7 8 9 10 11 12 | 12.9
Evocations     | 1 2 3 4 5 6 7 8 9 10 11 12 | 12.9
Conjurations   | 1 2 3 4 5 6 7 8 9 10 | 10.9
Hexes          | 1 2 3 4 5 6 7 8 9 10 | 10.9
Summonings     | 1 2 3 4 5 6 7 8 9 10 | 10.9
Necromancy     | 1 2 3 4 5 6 7 8 9 10 | 10.9
Translocations | 1 2 3 4 5 6 7 8 9 10 | 10.9
Fire Magic     | 1 2 3 4 5 6 7 8 9 10 | 10.9
Ice Magic      | 1 2 3 4 5 6 7 8 9 10 | 10.9
Air Magic      | 1 2 3 4 5 6 7 8 9 10 | 10.9
Earth Magic    | 1 2 3 4 5 6 7 8 9 10 | 10.9
Dodging        | 5 6 7 8 9 10 11 12 13 15 | 15.2
Stealth        | 5 6 7 8 9 10 11 12 13 | 13.5
Poison Magic   | 6 7 8 9 10 11 12 | 12.2

Action                   |  1- 3 |  4- 6 |  7- 9 | 10-12 | 13-15 | 16-18 | 19-21 || total
-------------------------+-------+-------+-------+-------+-------+-------+-------++-------
Melee: Unarmed           |     1 |       |       |       |       |       |       ||     1
       Dagger            |     8 |       |       |       |       |       |       ||     8
       Bite              |     1 |     3 |    18 |    57 |    96 |    61 |    11 ||   247
       Rapier            |       |    37 |   176 |    68 |       |       |       ||   281
       Punch             |       |       |     6 |    11 |       |     1 |       ||    18
       Flail             |       |       |       |   136 |       |       |       ||   136
       Spear             |       |       |       |    28 |       |       |       ||    28
       Long sword        |       |       |       |    31 |       |       |       ||    31
       Morningstar       |       |       |       |   138 |   610 |   363 |       ||  1111
       Demon blade       |       |       |       |       |       |    69 |    67 ||   136
Throw: Boomerang         |       |       |     3 |     7 |     2 |     4 |       ||    16
       Javelin           |       |       |       |     4 |       |       |       ||     4
       Throwing net      |       |       |       |       |     4 |     2 |       ||     6
 Cast: Sting             |    35 |    43 |    41 |    14 |     3 |       |       ||   136
       Poisonous Vapours |     6 |    37 |   102 |   104 |   253 |    35 |     8 ||   545
       Mephitic Cloud    |       |       |    23 |    37 |   121 |    38 |    12 ||   231
       Olgreb's Toxic Ra |       |       |     5 |    28 |   114 |    12 |     1 ||   160
       Slow              |       |       |       |    43 |    18 |     5 |       ||    66
       Freezing Cloud    |       |       |       |    19 |   118 |   404 |    23 ||   564
       Wereblood         |       |       |       |       |       |     1 |       ||     1
       Passage of Golubr |       |       |       |       |       |     2 |       ||     2
       Flame Wave        |       |       |       |       |       |       |     7 ||     7
Evoke: Wand              |       |       |       |    32 |     1 |     9 |     3 ||    45
  Use: Scroll            |       |       |     5 |     7 |    11 |    20 |     3 ||    46
       Potion            |       |       |       |     5 |     9 |    10 |       ||    24
 Stab: Sleeping          |       |     3 |     3 |     1 |       |     2 |       ||     9
       Confused          |       |       |     3 |     8 |    20 |     5 |     1 ||    37
Armor: Robe              |     2 |     8 |    66 |    85 |   191 |       |       ||   352
       Chain mail        |       |       |       |     8 |       |       |       ||     8
       Skin              |       |       |       |       |     3 |       |       ||     3
       Quicksilver drago |       |       |       |       |    75 |   234 |    23 ||   332
Dodge: Dodged            |    13 |    35 |   141 |   211 |   503 |   259 |    35 ||  1197
Block: Buckler           |       |       |       |    44 |   216 |    36 |       ||   296
       Kite shield       |       |       |       |       |       |   230 |    40 ||   270
       Reflection        |       |       |       |       |       |    25 |     2 ||    27
